 Dungeon Crawl Stone Soup version 0.26.0-45-g9c1d065592 (webtiles) character file.

Game seed: 16311597456066980361

2451 kaeus the Covert (level 9, 0/63 HPs)
             Began as an Octopode Monk on Jan 28, 2021.
             Was an Elder of Dithmenos.
             Slain by a killer bee (8 damage)
             ... on level 8 of the Dungeon.
             The game lasted 00:07:13 (7884 turns).

kaeus the Covert (Octopode Monk)                    Turns: 7884, Time: 00:07:14

Health: 0/63       AC:  5    Str:  7 (10) XL:     9   Next: 50%
Magic:  9/9        EV: 17    Int: 11 (12) God:    Dithmenos [****..]
Gold:   327        SH:  0    Dex: 17 (18) Spells: 8/8 levels left

rFire    . . .     SeeInvis .   r - +0 dagger (drain)
rCold    + . .     Faith    .   (no shield)
rNeg     . . .     Spirit   .   (helmet restricted)
rPois    .         Reflect  .   x - amulet of magic regeneration
rElec    .         Harm     .   v - +4 ring of protection
rCorr    .         Rampage  .   w - ring of protection from cold
Will     .....                  (no ring)
Stlth    +++++++++.             (no ring)
HPRegen  0.20/turn              (no ring)
MPRegen  0.36/turn              (no ring)
                                (no ring)
                                (no ring)

@: lethally poisoned (0 -> -9), wreathed by umbra
A: almost no armour, stealthy swim, amphibious, 8 rings, constrict 8, camouflage
1, gelatinous body 1
a: Renounce Religion, Shadow Step


You were on level 8 of the Dungeon.
You worshipped Dithmenos.
Dithmenos was greatly pleased with you.
You visited 1 branch of the dungeon, and saw 9 of its levels.

You collected 439 gold pieces.
You spent 112 gold pieces at shops.

Inventory:

Hand Weapons
 a - a +0 short sword
 r - a +0 dagger of draining (weapon)
 s - a +0 dagger of venom
 y - a +3 dagger of speed
Magical Staves
 q - an uncursed staff of earth
Jewellery
 v - a +4 ring of protection (left tentacle)
 w - a ring of protection from cold (right tentacle)
 x - an amulet of magic regeneration (around mantle)
Wands
 l - a wand of digging (8)
 p - a wand of flame (13)
Scrolls
 d - 3 scrolls of teleportation
 g - 5 scrolls of remove curse
 h - 4 scrolls of magic mapping
 i - a scroll of fog
 k - 3 scrolls of enchant armour
 o - a scroll of amnesia
Potions
 e - 2 potions of heal wounds
 f - a potion of lignification
 j - 3 potions of attraction
 m - a potion of brilliance
 n - 3 potions of curing
 t - 2 potions of invisibility
 z - a potion of magic
 B - a potion of berserk rage
 D - 3 potions of resistance


   Skills:
 + Level 6.3 Fighting
 + Level 6.3 Short Blades
 + Level 6.3 Dodging
 * Level 11.3 Stealth


You had 8 spell levels left.
You didn't know any spells.
Your spell library contained the following spells:

 Spells                   Type           Power        Failure   Level
 Magic Dart               Conj           0%           34%         1
 Blink                    Tloc           N/A          47%         2
 Call Imp                 Summ           0%           47%         2
 Slow                     Hex            0%           47%         2
 Conjure Flame            Conj/Fire      0%           71%         3
 Mephitic Cloud           Conj/Pois/Air  0%           71%         3


Dungeon Overview and Level Annotations

Branches:
Dungeon (9/15)             Temple (0/1) D:4
   Lair: D:8-11         Orc: D:9-12

Altars:
Dithmenos
Elyvilon
Fedhas
Gozag
Hepliaklqana
Kikubaaqudgha
Makhleb
Nemelex Xobeh
Wu Jian
Xom
Yredelemnul
The Shining One

Shops:
D:6 [   D:8 ?


Innate Abilities, Weirdness & Mutations

You cannot wear most types of armour.
You are very stealthy in the water. (Stealth+)
You are amphibious.
You can wear up to eight rings at the same time.
You can use your tentacles to constrict eight enemies at once.
Your skin changes colour to match your surroundings (Stealth+).
Your rubbery body absorbs attacks. (AC +1, EV +1)


Message History

The killer bee is heavily wounded.
Your shadow barely misses the killer bee.
You feel sick. The killer bee misses you.
You take 1 damage, and have 30/63 hp.
The killer bee stings you. x2
You are more poisoned.
The killer bee poisons you!
You take 6 damage, and have 24/63 hp.
You feel sick. The killer bee stings you. The killer bee completely misses you.
You take 5 damage, and have 19/63 hp.
You feel sick. The killer bee closely misses you. The killer bee misses you.
You take 1 damage, and have 18/63 hp.
You feel sick. The killer bee closely misses you.
The killer bee barely misses you. The killer bee stings you!
* * * LOW HITPOINT WARNING * * *
You take 9 damage, and have 9/63 hp.
A basilisk comes into view.
* * * LOW HITPOINT WARNING * * *
You feel sick. The killer bee stings you!
You die...

#.. ....# .... ..# ###
###.### #####
##.###.....## ###...#
##...#.8...8.###.
#.....###....#...(...#..
#.##8........@y.._......
#.##<######..#y......#.
#.8.∩.8.#....#.85..8.# .
####...<.....##KK...####..
#8.l..(...####y###....#
#..##....[...#)#.K....#
#####..........#...K...
##.#...##yh.)..o.!.
##....##........#


You could see a basilisk (wandering), 3 killer bees, a shadow imp and 2 kobolds.

Vanquished Creatures
  2 ice beasts
  An orc warrior (D:6)
  A phantom (D:5)
  A black bear (D:6)
  2 centaurs
  4 ogres
  A big kobold (D:8)
  A bullfrog (D:6)
  A wyvern skeleton (D:6)
  A scorpion (D:7)
  A killer bee (D:8)
  3 wights (D:7)
  4 hounds
  A centaur zombie (D:7)
  2 centaur skeletons
  A jelly (D:7)
  4 orc priests
  6 orc wizards
  2 bullfrog skeletons
  An iguana (D:7)
  Terence (D:2)
  5 worker ants
  A hound skeleton (D:7)
  A hound zombie (D:6)
  A howler monkey zombie (D:6)
  13 adders
  A gnoll (D:1)
  A shadow imp (D:7)
  3 white imps
  An ufetubus (D:5)
  2 oozes
  An adder skeleton (D:5)
  A worm (D:2)
  7 leopard geckos
  29 orcs
  10 bats
  2 giant cockroaches
  12 goblins
  6 hobgoblins
  2 jackals (D:7)
  3 quokkas
  A ball python (D:1)
  A ball python skeleton (D:4)
  5 frilled lizards
  A jackal skeleton (D:5)
  10 kobolds
  A leopard gecko skeleton (D:4)
  2 quokka skeletons
  6 rats
170 creatures vanquished.

Notes
Turn   | Place    | Note
-------+----------+-------------------------------------------
     0 | D:1      | kaeus the Octopode Monk began the quest for the Orb.
     0 | D:1      | Reached XP level 1. HP: 16/16 MP: 1/1
    64 | D:1      | Reached skill level 3 in Stealth
    79 | D:1      | Reached XP level 2. HP: 6/21 MP: 2/2
   562 | D:1      | Reached XP level 3. HP: 8/26 MP: 3/3
  1310 | D:2      | Reached skill level 4 in Stealth
  1991 | D:2      | Reached XP level 4. HP: 31/31 MP: 4/4
  2141 | D:2      | Noticed Terence
  2150 | D:2      | Killed Terence
  2474 | D:2      | Reached XP level 5. HP: 23/36 MP: 5/5
  2650 | D:2      | Reached skill level 5 in Stealth
  2713 | D:2      | Found a burning altar of Makhleb.
  2713 | D:2      | Noticed a blizzard demon
  2716 | D:2      | Noticed an orange demon
  2716 | D:2      | Noticed a smoke demon
  3108 | D:3      | Noticed an ogre
  3115 | D:3      | Killed an ogre
  3116 | D:3      | Reached XP level 6. HP: 42/43 MP: 6/6
  3474 | D:3      | Reached skill level 6 in Stealth
  3497 | D:3      | Found a shadowy altar of Dithmenos.
  3526 | D:3      | Found a hazy altar of Hepliaklqana.
  3545 | D:3      | Became a worshipper of Dithmenos the Shadowed
  3545 | D:3      | Reached * piety under Dithmenos
  3545 | D:3      | Reached ** piety under Dithmenos
  3911 | D:4      | Found a staircase to the Ecumenical Temple.
  3978 | D:4      | Reached XP level 7. HP: 38/49 MP: 7/7
  4099 | D:4      | Reached skill level 7 in Stealth
  4421 | D:4      | Found a blossoming altar of Fedhas.
  4421 | D:4      | Found an ancient bone altar of Kikubaaqudgha.
  4429 | D:4      | Found a faded altar of an unknown god.
  4456 | D:4      | Found a basalt altar of Yredelemnul.
  4457 | D:4      | Found a sparkling altar of Nemelex Xobeh.
  4619 | D:5      | Entered Level 5 of the Dungeon
  4738 | D:5      | Found an ornate altar of the Wu Jian Council.
  4846 | D:5      | Reached skill level 8 in Stealth
  5137 | D:5      | Found a glowing golden altar of the Shining One.
  5193 | D:5      | Found a white marble altar of Elyvilon.
  5345 | D:5      | Reached skill level 5 in Fighting
  5345 | D:5      | Reached skill level 5 in Dodging
  5345 | D:5      | Reached XP level 8. HP: 55/55 MP: 8/8
  5456 | D:6      | Reached skill level 5 in Short Blades
  5519 | D:6      | Reached skill level 9 in Stealth
  5578 | D:6      | Reached *** piety under Dithmenos
  6319 | D:6      | Reached skill level 10 in Stealth
  6473 | D:6      | Reached XP level 9. HP: 62/62 MP: 9/9
  6651 | D:6      | Found Micwyn's Armour Shoppe.
  6926 | D:7      | You fall into a shaft and drop 2 floors!
  7127 | D:7      | Reached **** piety under Dithmenos
  7186 | D:7      | Reached skill level 11 in Stealth
  7432 | D:7      | Found a shimmering altar of Xom.
  7618 | D:8      | Found Sipeashi's Magic Scroll Shoppe.
  7622 | D:8      | Bought 2 scrolls of identify for 56 gold pieces
  7622 | D:8      | Bought a scroll of identify for 28 gold pieces
  7622 | D:8      | Bought a scroll of identify for 28 gold pieces
  7844 | D:8      | Found an opulent altar of Gozag.
  7884 | D:8      | Slain by a killer bee

Illustrated notes

Levels and vault maps discovered:
D:1:      lightli_arrival_isolated_outpost, layout_basic
D:2:      layout_basic, makhleb_altar_promises_db, hangedman_glass_teeth,
          minmay_quadrilaterals, uniq_terence
D:3:      layout_rooms, general_overflow_altar,
          grunt_dithmenos_smoke_and_mirrors
D:4:      layout_loops_ring, chequers_temple_overflow_minitemple,
          minmay_temple_entry_sparse_star, eino_small_chamber_without_monster
D:5:      minmay_razor_zed, layout_cave_pools, lemuel_doored_altar,
          lemuel_round_altar, lemuel_crystal_altar
D:6:      layout_rooms, serial_shops, kennysheep_mini
D:7:      layout_loops_ring, kennysheep_little_box
D:8:      gammafunk_the_bubble [the_bubble_gammafunk_roulette],
          layout_cave_pools, grunt_gozag_statues, erik_lair_orcish_takeover,
          serial_shops, nicolae_shop_statue_plus
D:9:      layout_cave_pods, lemuel_coloured_pillars_altar, david_orc_2

Skill      XL: |  1  2  3  4  5  6  7  8  9 |
---------------+----------------------------+-----
Stealth        | 3 4 5 6 8 10 11 | 11.3
Dodging        | 4 5 6 |  6.3
Fighting       | 4 5 6 |  6.3
Short Blades   | 4 5 6 |  6.3

Action                   |  1- 3 |  4- 6 |  7- 9 || total
-------------------------+-------+-------+-------++-------
Melee: Short sword       |    59 |    45 |       ||   104
       Tentacles         |     7 |    16 |    62 ||    85
       Constrict         |     9 |    25 |    43 ||    77
       Dagger            |       |    56 |   257 ||   313
  Use: Scroll            |       |     4 |    14 ||    18
       Potion            |       |       |     5 ||     5
 Stab: Sleeping          |     8 |    16 |    40 ||    64
Armor: Skin              |     8 |     5 |    26 ||    39
Dodge: Dodged            |    35 |    57 |   191 ||   283
